 Dungeon Crawl Stone Soup version 0.31-a0-208-gdb31a4691d (webtiles) character file.

Game seed: 252383614302488230

1237 funkygono the Cleaver (level 8, 0/69 HPs)
             Began as a Minotaur Fighter on June 28, 2023.
             Was a Follower of Okawaru.
             Succumbed to an adder's poison
             ... on level 6 of the Dungeon.
             The game lasted 00:09:02 (4549 turns).

funkygono the Cleaver (Minotaur Fighter)            Turns: 4549, Time: 00:09:02

Health: 0/69       AC: 14    Str: 22    XL:     8   Next: 24%
Magic:  7/7        EV:  8    Int:  5    God:    Okawaru [*.....]
Gold:   253        SH: 10    Dex: 11    Spells: 7/7 levels left

rFire   . . .        a - +0 war axe
rCold   + . .        c - +0 buckler
rNeg    . . .        g - +0 chain mail
rPois   .            (helmet restricted)
rElec   .            (no cloak)
rCorr   .            v - +2 pair of gloves
SInv    .            A - +0 pair of boots
Will    .....        r - amulet of reflection
Stlth   x              - ring of protection from cold
HPRegen 0.31/turn    (no ring)
MPRegen 0.10/turn

%: reflection
@: lethally poisoned (0 -> -4)
A: horns 2, retaliatory headbutt
a: Renounce Religion, Heroism


You were on level 6 of the Dungeon.
You worshipped Okawaru.
Okawaru was aware of your devotion.
You visited 2 branches of the dungeon, and saw 7 of its levels.

You collected 253 gold pieces.

Inventory:

Hand Weapons
 a - a +0 war axe (weapon)
Missiles
 e - 4 silver javelins (quivered)
 q - 8 stones
 s - 19 poisoned darts
 y - 4 throwing nets
Armour
 c - a +0 buckler (worn)
 g - a +0 chain mail (worn)
 v - a +2 pair of gloves (worn)
 A - a +0 pair of boots (worn)
Jewellery
 k - an amulet of faith
 r - an amulet of reflection (around neck)
 x - a ring of protection from cold (left hand)
Wands
 t - a wand of charming (8)
Scrolls
 b - 2 scrolls of teleportation
 j - 2 scrolls of poison
Potions
 d - 3 potions of might
 m - a potion of curing {unknown}
 o - a potion of attraction {unknown}
 p - 2 potions of mutation
 u - 2 potions of brilliance
 w - a potion of berserk rage {unknown}
 z - 2 potions of lignification
 B - a potion of heal wounds


   Skills:
 + Level 5.4 Fighting
 + Level 8.8 Axes
 + Level 1.8 Throwing
 + Level 6.2 Armour
 + Level 1.8 Dodging
 + Level 0.1 Stealth
 + Level 5.1 Shields


You had 7 spell levels left.
You didn't know any spells.
Your spell library contained the following spells:

 Spells                   Type           Power      Damage    Failure   Level
 Magic Dart               Conj           0%         1d3       98%         1
 Poisonous Vapours        Pois/Air       0%         N/A       99%         2
 Searing Ray              Conj           0%         2d4       99%         2
 Mephitic Cloud           Conj/Pois/Air  0%         N/A       100%        3
 Fulminant Prism          Conj/Hex       0%         3d5       100%        4
 Freezing Cloud           Conj/Ice/Air   0%         6-21      100%        5


Dungeon Overview and Level Annotations

Branches:
Dungeon (6/15)             Temple (1/1) D:4

Altars:
Ashenzari
Cheibriados
Dithmenos
Elyvilon
Fedhas
Hepliaklqana
Kikubaaqudgha
Makhleb
Okawaru
Ru
Uskayaw
Vehumet
Wu Jian
Xom
Zin
The Shining One

Shops:
D:1 *   D:4 *


Innate Abilities, Weirdness & Mutations

You have a pair of horns on your head.
You reflexively headbutt those who attack you in melee.


Message History

An orc priest comes into view. It is wielding a +0 war axe.
You block the orc's attack. Something hits you but does no damage.
The orc priest shouts!
You slash something!
You hit the orc warrior but do no damage.
You slash the orc!
You kill the orc!
Okawaru accepts your kill.
You hear some strange, mumbled words.
A puff of flame appears from out of thin air!
You block puff of flame... and reflect it back!
The puff of flame hits something!
Okawaru accepts your kill.
Reactivating autopickup.
You feel a bit more experienced.
The orc warrior hits you with a +0 halberd!
* * * LOW HITPOINT WARNING * * *
The adder bites you.
* * * LOW HITPOINT WARNING * * *
You are lethally poisoned!
The adder poisons you!
It was a potion of heal wounds.
You feel much better.
You feel sick. The adder barely misses you.
The orc warrior hits you with a +0 halberd.
* * * LOW HITPOINT WARNING * * *
You feel sick.
The orc warrior hits you from afar with a +0 halberd!
* * * LOW HITPOINT WARNING * * *
You feel sick.
You feel sick. You block the adder's attack.
You feel sick. The adder attacks as you move away! The adder bites you.
* * * LOW HITPOINT WARNING * * *
x2 You feel sick.
The adder attacks as you move away! The adder bites you.
* * * LOW HITPOINT WARNING * * *
You are more poisoned.
The adder poisons you!
A shadow imp comes into view.
You die...

##..#####
#........
#...###.# .#
#5<.# .#
#.######...###.##
..#
#...............#
.o#
########..#####.#
...# #..####.#
#o..#
#..@.So###oo..#
#.#####.#.#..#
#........))o.#
########.#...#
#.#.### #.#.#
#.#.# #...# ###.#


You could see an orc warrior, an adder and a shadow imp (wandering).

Vanquished Creatures
  Eustachio (D:4)
  2 black bears
  A phantom (D:5)
  A gnoll sergeant (D:5)
  2 hounds (D:5)
  4 jellies
  3 orc priests
  An iguana (D:4)
  7 orc wizards
  Terence (D:2)
  8 gnolls
  5 adders
  An ufetubus (D:4)
  4 worms
  4 dart slugs
  16 orcs
  4 ball pythons
  14 endoplasms
  7 giant cockroaches
  9 goblins
  3 hobgoblins
  11 jackals
  2 quokkas
  6 bats
  3 frilled lizards
  16 kobolds
  5 rats
141 creatures vanquished.

Notes
Turn   | Place    | Note
-------+----------+-------------------------------------------
     0 | D:1      | funkygono the Minotaur Fighter began the quest for the Orb.
     0 | D:1      | Reached XP level 1. HP: 19/19 MP: 0/0
    55 | D:1      | Reached XP level 2. HP: 12/27 MP: 1/1
   423 | D:1      | Found Kegryurr's Assorted Antiques.
   427 | D:1      | Reached skill level 3 in Axes
   463 | D:1      | Reached XP level 3. HP: 33/33 MP: 2/2
   863 | D:2      | Noticed Terence
   873 | D:2      | Killed Terence
   874 | D:2      | Reached skill level 4 in Axes
   874 | D:2      | Reached XP level 4. HP: 13/40 MP: 3/3
  1143 | D:2      | Reached skill level 5 in Axes
  1143 | D:2      | Reached XP level 5. HP: 16/46 MP: 4/4
  1492 | D:2      | Found a hide-covered altar of Uskayaw.
  1858 | D:3      | Reached skill level 1 in Throwing
  1864 | D:3      | Reached XP level 6. HP: 44/52 MP: 5/5
  1973 | D:3      | Found a faded altar of an unknown god.
  2111 | D:3      | Reached skill level 6 in Axes
  2521 | D:4      | Noticed Eustachio
  2659 | D:4      | Killed Eustachio
  2660 | D:4      | Reached skill level 7 in Axes
  2660 | D:4      | Reached skill level 5 in Armour
  2660 | D:4      | Reached skill level 1 in Dodging
  2660 | D:4      | Reached XP level 7. HP: 60/60 MP: 6/6
  2750 | D:4      | Found a staircase to the Ecumenical Temple.
  2756 | Temple   | Entered the Ecumenical Temple
  2903 | Temple   | Became a worshipper of Warmaster Okawaru
  3035 | D:4      | Found Ubuihoso's Fire Supplies.
  3185 | D:4      | Reached skill level 5 in Fighting
  3391 | D:5      | Entered Level 5 of the Dungeon
  3595 | D:5      | Found a radiant altar of Vehumet.
  3662 | D:5      | Reached skill level 8 in Axes
  3785 | D:5      | Reached * piety under Okawaru
  3786 | D:5      | Reached skill level 5 in Shields
  3786 | D:5      | Reached XP level 8. HP: 39/68 MP: 7/7
  4542 | D:6      | HP: 3/69 [orc warrior/+0 halberd (14)]
  4542 | D:6      | HP: 1/69 [adder (2)]
  4547 | D:6      | HP: 3/69 [poisoned by an adder]
  4549 | D:6      | HP: 1/69 [adder (1)]
  4549 | D:6      | Succumbed to an adder's poison

Illustrated notes

Levels and vault maps discovered:
D:1:      mushboom_english_gardens, layout_basic, serial_shops, shop
D:2:      cheibrodos_fertilizer, layout_loops_cross, basic_altar, uniq_terence
D:3:      layout_loops_cross, ebering_ecumenical_altar_ruins
D:4:      layout_cave_pools, minmay_temple_entry_wispy, nicolae_shop_fire_sale
          [nicolae_sub_dead_trees], kennysheep_generic_room_11, uniq_eustachio
D:5:      layout_gridville, mainiacjoe_overflow_alcove_1,
          minmay_misc_feat_plants
D:6:      layout_loops_ring, nicolae_qazlal_scattered_showers,
          nicolae_ossuary_entry_giza
Temple:   nicolae_temple_superstar

Skill      XL: |  1  2  3  4  5  6  7  8 |
---------------+-------------------------+-----
Shields        | 4 5 |  5.1
Axes           | 3 4 5 7 8 |  8.8
Fighting       | 4 5 |  5.4
Armour         | 4 5 6 |  6.2
Throwing       | 1 |  1.8
Dodging        | 1 |  1.8
Stealth        | |  0.1

Action                     |  1- 3 |  4- 6 |  7- 9 || total
---------------------------+-------+-------+-------++-------
  Melee: War axe           |    91 |   102 |   108 ||   301
         Headbutt          |     3 |    18 |    14 ||    35
  Throw: Stone             |     1 |    28 |    11 ||    40
         Javelin           |       |     2 |       ||     2
    Use: Scroll            |       |       |     9 ||     9
         Potion            |       |       |     1 ||     1
 Armour: Scale mail        |    11 |       |       ||    11
         Chain mail        |    45 |    47 |    71 ||   163
  Dodge: Dodged            |    34 |    48 |    43 ||   125
  Block: Buckler           |    18 |    36 |    53 ||   107
         Reflection        |       |       |     1 ||     1

Table legend: (Time is in decaauts)
 A = Elapsed time spent in this place.
 B = Non-inter-level travel time spent in this place.
 C = Inter-level travel time spent in this place.
 D = Time resting spent in this place.
 E = Time spent auto-exploring this place.
 F = Levels seen in this place.
 G = Mean time per level.
                   A        B        C        D        E       F      G
               +--------+--------+--------+--------+--------+-----+--------+
         Total |   4632 |   4481 |    151 |    219 |   3222 |   7 |  661.7 |
       Dungeon |   4471 |   4334 |    137 |    219 |   3122 |   6 |  745.2 |
        Temple |    160 |    147 |     13 |      0 |    100 |   1 |  160.0 |
               +--------+--------+--------+--------+--------+-----+--------+

Top non-repeatable levels by time:
     D:5: 1121 daAuts
     D:2: 1056 daAuts
     D:3: 952 daAuts
     D:1: 675 daAuts
     D:4: 622 daAuts
  Temple: 160 daAuts
     D:6: 43 daAuts
